Map: Central Protocol

Players

Toons - Winner!

  • Race: Protoss Protoss
  • League: Platinum

Alkaiser

  • Race: Terran Terran
  • League: Platinum

VOD

Have the link to the VOD?

Description

Time

  • Played on: Feb. 5, 2016, 8:33 p.m.
  • Length: 14:29
Show
View Real Time Build Order
Export as new Build Order

Toons Protoss - Winner!

Build Orders:  

Get SALT Encoding   

  12  0:01  Probe (Chrono Boost)  
  13  0:11  Probe (Chrono Boost)  
  14  0:23  Pylon  
  14  0:26  Probe (Chrono Boost)  
  15  0:41  Probe (Chrono Boost)  
  16  0:51  Gateway  
  16  0:54  Probe (Chrono Boost)  
  17  1:02  Assimilator  
  17  1:05  Probe (Chrono Boost)  
  18  1:15  Probe (Chrono Boost)  
  19  1:20  Gateway  
  19  1:26  Probe (Chrono Boost)  
  20  1:44  Cybernetics Core  
  20  1:50  Nexus  
  20  1:55  Probe (Chrono Boost)  
  20  2:00  Pylon  
  21  2:05  Probe (Chrono Boost)  
  22  2:16  Probe (Chrono Boost)  
  22  2:21  Assimilator  
  23  2:24  Adept  
  23  2:26  Adept  
  27  2:32  Warp Gate  
  27  2:34  Probe (Chrono Boost)  
  28  2:44  Probe (Chrono Boost)  
  29  2:52  Adept  
  31  3:02  Adept (Chrono Boost)  
  31  3:04  Pylon  
  33  3:17  Mothership Core (Chrono Boost), Probe (Chrono Boost)  
  34  3:27  Stalker (Chrono Boost)  
  36  3:29  Stalker (Chrono Boost)  
  34  3:49  Probe  
  34  3:50  Probe  
  34  3:52  Pylon  
  36  3:59  Probe  
  37  4:03  Pylon  
  37  4:06  Stargate  
  37  4:09  Gateway  
  37  4:11  Gateway  
  37  4:20  Probe  
  37  4:22  Probe  
  39  4:31  Probe  
  39  4:34  Probe  
  39  4:37  Assimilator  
  41  4:40  Assimilator  
  41  4:41  Stalker x2  
  41  4:43  Probe  
  46  4:46  Probe  
  46  4:50  Oracle  
  50  4:56  Probe  
  50  4:58  Probe  
  52  5:13  Probe  
  52  5:14  Robotics Facility, Probe  
  54  5:26  Probe  
  54  5:27  Probe  
  54  5:28  Stalker x2  
  58  5:29  Stalker  
  60  5:47  Probe  
  60  5:49  Probe  
  62  5:55  Stalker  
  62  5:56  Stalker  
  69  5:57  Probe  
  69  5:58  Phoenix  
  69  6:01  Pylon, Probe  
  69  6:03  Pylon  
  70  6:17  Probe  
  70  6:19  Observer, Probe  
  70  6:21  Pylon  
  73  6:28  Probe  
  73  6:31  Probe  
  75  6:41  Immortal  
  75  6:44  Probe  
  75  6:46  Probe  
  81  6:48  Zealot x2  
  81  6:49  Zealot x2  
  89  7:00  Forge  
  89  7:03  Twilight Council  
  89  7:08  Probe  
  89  7:10  Probe  
  91  7:17  Sentry  
  91  7:22  Pylon  
  93  7:23  Pylon  
  93  7:33  Protoss Ground Weapons Level 1 (Chrono Boost)  
  93  7:36  Nexus  
  93  7:49  Probe  
  95  7:51  Probe  
  95  7:57  Charge  
  92  7:59  Stalker x4  
  92  8:00  Probe  
  92  8:03  Probe  
  102  8:06  Pylon  
  102  8:07  Pylon  
  102  8:10  Probe  
  103  8:15  Probe  
  104  8:20  Gateway  
  104  8:21  Gateway x2  
  104  8:25  Gateway  
  104  8:31  Gateway  
  104  8:39  Pylon  
  104  8:44  Assimilator  
  104  8:46  Zealot  
  104  8:47  Zealot x3  
  112  8:49  Assimilator  
  110  9:03  Probe  
  110  9:05  Probe x2  
  113  9:10  Zealot x4  
  121  9:21  Immortal  
  125  9:24  Pylon  
  125  9:25  Blink  
  125  9:31  Zealot x4, Protoss Ground Armor Level 1 (Chrono Boost)  
  127  9:34  Sentry x3  
  127  9:35  Sentry  
  141  9:42  Probe  
  141  9:44  Probe  
  143  9:52  Zealot x3  
  145  9:53  Zealot  
  121  10:07  Zealot x3  
  121  10:08  Zealot  
  103  10:22  Zealot x4  
  103  10:23  Probe  
  103  10:25  Probe x2  
  114  10:32  Observer  
  113  10:51  Pylon  
  113  10:52  Pylon  
  113  10:54  Gateway  
  113  10:55  Templar Archives  
  113  10:56  Pylon  
  113  10:57  Photon Cannon  
  113  10:58  Pylon  
  113  11:02  Stalker x6  
  113  11:03  Stalker x2  
  129  11:16  Protoss Ground Weapons Level 2 (Chrono Boost), Immortal  
  130  11:34  Probe  
  130  11:35  Probe  
  130  11:37  Phoenix  
  134  11:44  Psionic Storm  
  134  11:46  Probe  
  134  11:48  Probe  
  136  11:55  Observer, Photon Cannon  
  136  11:56  Photon Cannon x2  
  137  12:02  Zealot x4  
  137  12:03  Zealot x4  
  153  12:18  Photon Cannon  
  153  12:33  High Templar  
  153  12:34  High Templar  
  153  12:36  High Templar x3  
  163  12:37  High Templar x4  
  163  12:40  Immortal  
  175  12:46  Nexus  
  175  12:49  Pylon x2  
  175  12:51  Pylon  
  175  13:11  Zealot x6  
  175  13:12  Zealot x3  
  193  13:17  Forge  
  193  13:31  Gateway  
  193  13:34  Gateway x2  
  193  13:39  Gateway  
  193  13:42  Gateway  
  193  13:43  Gateway  
  191  14:23  Zealot x3  
  191  14:24  Zealot x6  
Show
View Real Time Build Order
Export as new Build Order

Alkaiser Terran 

Build Orders: MMM Bio 

Get SALT Encoding   

  12  0:01  SCV  
  13  0:13  SCV  
  14  0:22  Supply Depot  
  14  0:27  SCV  
  15  0:44  SCV  
  16  0:56  SCV  
  17  0:57  Barracks  
  17  1:08  SCV  
  18  1:16  Barracks  
  18  1:20  SCV  
  18  1:22  Barracks  
  19  1:32  SCV  
  20  1:39  Supply Depot  
  20  1:45  Orbital Command  
  20  1:46  Marine  
  21  1:59  Barracks  
  21  2:03  Marine  
  21  2:05  Marine  
  23  2:12  SCV  
  23  2:14  Marine  
  23  2:15  Supply Depot  
  25  2:24  SCV  
  25  2:27  Marine x2  
  28  2:32  Marine  
  29  2:40  SCV  
  30  2:45  Marine x2  
  30  2:49  Refinery, Marine  
  33  2:51  Refinery  
  33  2:53  Marine  
  34  3:02  SCV  
  34  3:03  Marine x2  
  37  3:07  Marine  
  37  3:20  SCV  
  38  3:31  Command Center  
  35  3:48  Barracks Tech Lab x2  
  32  3:57  Marine  
  32  3:59  Marine  
  34  4:12  Concussive Shells  
  34  4:13  SCV  
  35  4:20  Supply Depot  
  35  4:25  SCV  
  35  4:30  Marauder, Barracks Tech Lab  
  38  4:34  Barracks Tech Lab  
  38  4:42  Marauder  
  40  4:52  Factory  
  40  4:53  Engineering Bay  
  40  4:54  Command Center  
  40  4:55  Orbital Command  
  40  5:03  Stimpack  
  40  5:06  SCV  
  41  5:18  SCV  
  42  5:25  Marine x4  
  43  5:43  Marauder, Marine  
  41  5:53  SCV x2  
  41  5:56  Missile Turret  
  38  6:06  Widow Mine  
  38  6:08  SCV  
  38  6:09  SCV  
  38  6:10  Missile Turret  
  42  6:17  Marauder  
  44  6:23  SCV x2  
  46  6:48  Starport  
  46  6:52  Starport  
  46  6:56  SCV  
  46  6:57  Orbital Command  
  46  6:58  SCV  
  46  7:00  Marine  
  49  7:01  Combat Shields  
  49  7:05  Refinery  
  49  7:06  Marauder, Refinery  
  51  7:08  SCV  
  51  7:14  Factory Tech Lab, Barracks  
  52  7:16  Marine  
  52  7:18  SCV  
  52  7:21  SCV  
  55  7:26  SCV  
  56  7:31  Medivac  
  58  7:40  Supply Depot  
  57  7:49  Marauder x2, Marine x2  
  62  7:52  SCV x2  
  64  7:58  SCV  
  64  8:05  SCV x2  
  67  8:07  Marauder, Marine  
  67  8:09  Medivac  
  72  8:14  Medivac  
  72  8:16  SCV  
  72  8:17  SCV  
  76  8:20  Marauder  
  76  8:22  Marauder  
  76  8:23  Barracks Reactor  
  76  8:25  Supply Depot  
  80  8:28  Terran Infantry Weapons Level 1  
  80  8:35  Supply Depot  
  80  8:46  Marauder x2, Marine  
  80  8:47  Marauder  
  87  9:04  Marauder  
  87  9:05  Marine x2  
  87  9:07  Marauder, Marine, SCV x2  
  87  9:08  Marine, SCV  
  98  9:19  SCV  
  99  9:25  Supply Depot, Marauder  
  101  9:38  Engineering Bay  
  101  9:45  Command Center  
  101  9:47  Medivac  
  101  9:48  Supply Depot  
  89  10:12  Marine  
  89  10:13  Marine x5  
  70  10:30  Cyclone, Marine x2  
  70  10:31  Marauder x3  
  70  10:32  Marauder  
  83  10:39  Terran Infantry Armor Level 1  
  83  10:44  Supply Depot  
  83  10:45  Armory  
  83  10:53  Marauder x4  
  83  10:56  Marine x2  
  93  11:08  Infernal Pre-Igniter  
  93  11:13  Supply Depot  
  93  11:14  Marauder x2  
  93  11:17  Marauder x2, Marine x2  
  101  11:35  Marine x2  
  101  11:36  Supply Depot  
  103  11:40  Hellbat  
  105  11:52  Factory  
  105  11:55  Starport Tech Lab x2  
  105  11:57  Starport  
  105  12:02  Marauder, Marine, Hellbat  
  105  12:03  Terran Infantry Weapons Level 2, Marauder, Marine  
  105  12:07  Marauder, Marine  
  116  12:12  Terran Vehicle And Ship Armor Level 1  
  116  12:13  Supply Depot  
  116  12:20  Marine  
  117  12:34  Marine x4  
  117  12:35  Marine  
  117  12:36  Supply Depot  
  122  12:38  Marine  
  122  12:39  Factory Reactor  
  122  12:42  Orbital Command  
  123  12:50  Factory Reactor  
  123  13:00  Marine  
  123  13:01  Marine x5  
  129  13:13  Fusion Core  
  129  13:15  Supply Depot  
  129  13:17  Hellbat x2  
  133  13:29  Liberator  
  133  13:30  Marine x4  
  133  13:31  Marine x2  
  133  13:33  Hellbat x2  
  143  13:48  Marine  
  153  14:00  Command Center, Marine x2  
  153  14:01  Marine x3  
Tags
 
Add a new tag
Caveats
  • Supply blocks, unpowered buildings, or Contaminate may cause inaccurate times.
  • Supply counts are checked every 10 seconds.